 Dungeon Crawl Stone Soup version 0.31.0-11-ge490571c62 (webtiles) character file.

Game seed: 10129111025660874979

57 qw the Shooter (level 3, 0/18 HPs)
             Began as a Spriggan Hunter on Feb 3, 2024.
             Killed by nerve-wracking pain
             ... invoked by an orc priest
              (11 damage)
             ... on level 2 of the Dungeon.
             The game lasted 00:00:03 (1113 turns).

qw the Shooter (Spriggan Hunter)                    Turns: 1113, Time: 00:00:04

Health: 0/18       AC:  2    Str:  7    XL:     3   Next: 73%
Magic:  4/4        EV: 19    Int: 10    God:
Gold:   50         SH:  0    Dex: 20    Spells: 2/2 levels left

rFire   . . .        a - +0 shortbow
rCold   . . .        (shield currently unavailable)
rNeg    . . .        c - +0 robe
rPois   .            (helmet restricted)
rElec   .            (no cloak)
rCorr   .            (gloves unavailable)
SInv    +            (boots unavailable)
Will    .....        (no amulet)
Stlth   ++           (no ring)
HPRegen 0.23/turn    (no ring)
MPRegen 0.09/turn

%: no passive effects
@: very quick
A: very small, no large weapons, unfitting armour, see invisible, speed 3
a: no special abilities


You were on level 2 of the Dungeon.
You visited 1 branch of the dungeon, and saw 3 of its levels.

You collected 50 gold pieces.


Innate Abilities, Weirdness & Mutations

You are very small and have problems with some larger weapons.
You are too small for most types of armour.
You have supernaturally acute eyesight. (SInv)
You cover ground extremely quickly. (Speed+++)


   Skills:
 - Level 1.5 Fighting
 + Level 4.9 Ranged Weapons
 - Level 4.0 Dodging
 - Level 1.5 Stealth


You had 2 spell levels left.
You didn't know any spells.
Your spell library was empty.

Inventory:

Hand Weapons
 a - a +0 shortbow (weapon)
Armour
 c - a +0 robe (worn)
Potions
 b - a potion of attraction {unknown}
 g - a potion of lignification {unknown}

Dungeon Overview and Level Annotations

Branches:
Dungeon (3/15)

Altars:


Message History

A bat comes into view.
The bat misses you.
The bat moves out of view.
The bat hits you but does no damage.
You shoot an arrow. The arrow barely misses the bat.
The bat completely misses you. The bat closely misses you.
You shoot an arrow. The arrow hits the bat!
You kill the bat!
You now have 50 gold pieces (gained 8).
You see here a bat corpse.
Done exploring.
Done exploring.
1070 ||| READING scroll labelled OWUMAU RUUQIFY.
Blink to where?
Press: ? - help, Dir - move target, f - you
As you read the scroll labelled OWUMAU RUUQIFY, it crumbles to dust.
It was a scroll of blinking.
Done exploring.
What level of the Dungeon? (default 2, ? - help)
You see here a ribbon worm corpse.
You see here a +0 dagger.
There is a stone staircase leading down here.
You climb downwards.
The orc shouts!
The orc wizard shouts!
The jackal barks!
The orc priest shouts!
You hear a shout! x2; The jackal barks!
There is a stone staircase leading up here.
There are monsters nearby!
Waypoint 2 assigned to D:3.
You shoot an arrow.
The arrow closely misses the orc priest.
1111 ||| STAIRDANCE The orc wizard casts a spell at you.
The puff of flame hits you!
You climb upwards.
There is a stone staircase leading down here.
You shoot an arrow.
The arrow closely misses the orc priest.
The orc priest invokes the aid of Beogh against you.
Pain shoots through your body!
Ouch! That really hurt!
You die...

######## ##......## #########
##........######## #.......#
#.>..............# #.......#
#.......(........# #.......#
#................# #......>##
#................# #.........
#...).........o..# #.......#.
##............@..#####.......#.
##............o.....##.......#.
#..............)....##.......#.
#....................#.......#.
#..............#......#......##
#..........###......#.....##.##
#..........# #........#.......#
##.........####..[....###<.....
##......#..###.#......##.#.###


You could see an orc priest and an orc.

Vanquished Creatures
  An adder (D:2)
  2 dart slugs (D:1)
  3 ribbon worms (D:2)
  7 ball pythons
  2 endoplasms
  A giant cockroach (D:1)
  3 goblins
  4 hobgoblins
  3 kobolds
  A quokka (D:2)
  2 bats
  2 frilled lizards
  2 rats
33 creatures vanquished.

Notes
Turn   | Place    | Note
-------+----------+-------------------------------------------
     0 | D:1      | qw the Spriggan Hunter began the quest for the Orb.
     0 | D:1      | Reached XP level 1. HP: 10/10 MP: 2/2
     0 | D:1      | 0 ||| qw: Version: 0.3-a-157-g843a77d
     0 | D:1      | 0 ||| qw: Game counter: 4028
     0 | D:1      | 0 ||| qw: Melee chars always use a shield: true
     0 | D:1      | 0 ||| qw: God list: Okawaru
     0 | D:1      | 0 ||| qw: Allow faded altars: false
     0 | D:1      | 0 ||| qw: Do Orc after clearing Dungeon:15 true
     0 | D:1      | 0 ||| qw: Do second Lair branch before Depths: true
     0 | D:1      | 0 ||| qw: Lair rune preference: random
     0 | D:1      | 0 ||| qw: Goals: Normal
     0 | D:1      | 0 ||| PLANNING D:1-11
    26 | D:1      | Reached skill level 3 in Dodging
   115 | D:1      | Reached XP level 2. HP: 14/14 MP: 3/3
   466 | D:1      | 466 ||| READING scroll labelled VIHADOHYSKU.
   470 | D:1      | 470 ||| READING scroll labelled FIUREAXKAENT.
   571 | D:1      | 571 ||| READING scroll labelled DILEEHUABI.
   572 | D:1      | 572 ||| DROPPING scroll of butterflies.
   651 | D:2      | Reached XP level 3. HP: 18/18 MP: 4/4
  1070 | D:2      | 1070 ||| READING scroll labelled OWUMAU RUUQIFY.
  1111 | D:3      | 1111 ||| STAIRDANCE
  1113 | D:2      | Killed from afar by an orc priest

Levels and vault maps discovered:
D:1:      lightli_arrival_lavapool, layout_rooms, minmay_misc_feat_roman,
          minmay_fountain_box
D:2:      layout_rooms, roderic_roman_lattice
D:3:      layout_rooms, elyvilon_altar_3, chequers_jeans

Skill      XL: |  1  2 |
---------------+-------+-----
Dodging        | 3 4 |  4.0
Fighting       | |  1.5
Ranged Weapons | |  4.9
Stealth        | |  1.5

Action                     || total
---------------------------++-------
   Fire: Shortbow          ||   106
    Use: Scroll            ||     4
 Armour: Robe              ||     7
  Dodge: Dodged            ||    27

Table legend:
 A = Non-vault XP
 B = Vault XP
 C = Vault XP percentage of total XP
 D = Non-vault monster count
 E = Vault monster count
 F = Vault count percentage of total count
                 A         B        C        D         E       F
            +---------+---------+-------+---------+---------+-------
      Total |      82 |       0 |   0.0 |      33 |       0 |   0.0
            +---------+---------+-------+---------+---------+-------
        D:1 |      34 |       0 |   0.0 |      17 |       0 |   0.0
        D:2 |      48 |       0 |   0.0 |      16 |       0 |   0.0
            +---------+---------+-------+---------+---------+-------
